 Dungeon Crawl Stone Soup version 0.21-a0-531-gacddea6 (webtiles) character file.

6187 mortelune the Destroyer (level 10, -2/50 HPs)
             Began as a Deep Elf Conjurer on Dec 12, 2017.
             Was a Priest of Vehumet.
             Slain by a wolf spider zombie (12 damage)
             ... on level 8 of the Dungeon.
             The game lasted 00:35:11 (12144 turns).

mortelune the Destroyer (Deep Elf Conjurer)        Turns: 12144, Time: 00:35:12

Health: -2/50      AC:  4    Str:  7    XL:     10   Next: 60%
Magic:  8/26       EV: 19    Int: 22    God:    Vehumet [***...]
Gold:   419        SH:  5    Dex: 15    Spells: 20/30 levels left

rFire    . . .     SeeInvis +   z - +3 flail (curse)
rCold    . . .     Gourm    .   (no shield)
rNeg     . . .     Faith    .   a - +0 robe
rPois    .         Spirit   .   (no helmet)
rElec    .         Reflect  +   (no cloak)
rCorr    .         Harm     .   (no gloves)
MR       ++...                  p - +1 pair of boots
Stlth    ++........             w - +5 amulet of reflection
HPRegen  0.16/turn              m - ring of protection from magic
MPRegen  0.20/turn              A - ring of Wanuez {Slay+2 SInv}

@: no status effects
A: no striking features
a: Renounce Religion


You were on level 8 of the Dungeon.
You worshipped Vehumet.
Vehumet was most pleased with you.
You were not hungry.

You visited 2 branches of the dungeon, and saw 9 of its levels.

You collected 419 gold pieces.

Inventory:

Hand Weapons
 d - a +1 short sword
 l - a +1 great sword
 t - a +5 short sword
 x - a +1 hand axe
 y - a +1 flail of venom
 z - a cursed +3 flail (weapon)
 E - a cursed +2 flail
Armour
 a - a +0 robe (worn)
 p - a +1 pair of boots (worn)
Jewellery
 m - a ring of protection from magic (left hand)
 w - a +5 amulet of reflection (around neck)
 A - the ring of Wanuez (right hand) {Slay+2 SInv}
   (You found it on level 7 of the Dungeon)

   [ring of slaying]

   It affects your accuracy and damage with ranged weapons and melee attacks
   (+2).
   It lets you see invisible.
Wands
 f - a wand of acid (8)
 u - a wand of polymorph (18)
 C - a wand of enslavement (13)
Scrolls
 e - 6 scrolls of enchant weapon
 h - 3 scrolls of magic mapping
 i - a scroll of fog
 s - a scroll of noise
 B - 2 scrolls of enchant armour {unknown}
 D - 3 scrolls of teleportation
 F - 2 scrolls of remove curse
 G - a scroll of identify
Potions
 k - 2 potions of might
 n - 4 potions of degeneration
 o - 2 potions of curing
 q - 3 potions of brilliance
 r - a potion of lignification {unknown}
 v - a potion of cancellation {unknown}
 I - 2 potions of haste
Books
 b - a book of Conjurations

   Spells                             Type                      Level
   a - Magic Dart                     Conjuration                  1
   b - Searing Ray                    Conjuration                  2
   c - Dazzling Spray                 Conjuration/Hexes            3
   d - Fulminant Prism                Conjuration/Hexes            4
   e - Force Lance                    Conjuration/Translocation    4
   f - Iskenderun's Mystic Blast      Conjuration                  4
Comestibles
 c - 8 bread rations
 g - 12 fruits
 j - 9 royal jellies


   Skills:
 + Level 9.9 Dodging
 - Level 2.4 Stealth
 + Level 10.8 Spellcasting
 * Level 12.8 Conjurations


You had 20 spell levels left.
You knew the following spells:

 Your Spells              Type           Power        Failure   Level  Hunger
a - Magic Dart            Conj           ####         1%          1    None
b - Searing Ray           Conj           ######       1%          2    None
c - Dazzling Spray        Conj/Hex       #####.       1%          3    None
d - Iskenderun's Mystic   Conj           ######..     1%          4    #......


Dungeon Overview and Level Annotations

Branches:
Dungeon (8/15)             Temple (1/1) D:4
   Lair: D:8-11

Altars:
Ashenzari
Cheibriados
Dithmenos
Elyvilon
Fedhas
Gozag
Kikubaaqudgha
Makhleb
Nemelex Xobeh
Qazlal
Ru
Sif Muna
Vehumet
Wu Jian
Xom
Yredelemnul
Zin
The Shining One

Shops:
D:7 =


Message History

The wolf spider zombie completely misses you.
Okay, then.
Okay, then.
You feel better.
You block the wolf spider zombie's attack.
The wolf spider zombie closely misses you.
Casting: Iskenderun's Mystic Blast
Confirm with . or Enter, or press ? or * to list all spells.
Aiming: Dazzling Spray
Press: ? - help, Shift-Dir - straight line, f/p - wolf spider zombie
Aim: a wolf spider zombie (severely damaged)
The spray of energy hits the wolf spider zombie.
The wolf spider zombie is severely damaged.
The wolf spider zombie hits you!
* * * LOW HITPOINT WARNING * * *
The wolf spider zombie bites you but does no damage.
The wolf spider zombie misses you. The wolf spider zombie bites you.
* * * LOW HITPOINT WARNING * * *
You feel better. The wolf spider zombie hits you!
You die...

##.#.# #.# .###...
# #.# ##....... .
#.# #........ . #.#
#........ .. #.#
......... ..
##.########........
..
#...............#
..
######.#..#@Z...#
.. #.##.#.#.#.# ..
#.#....# # ..
#....### .. ###.##
.. #. ## ##


You could see a wolf spider zombie.

Vanquished Creatures
  A two-headed ogre (D:8)
  The ghost of Amnesiac the Jinx, a novice DEAM of Okawaru (D:7)
  Prince Ribbit (D:6)
  2 hippogriffs (D:7)
  4 hogs (D:7)
  A human (D:7)
  A hungry ghost (D:6)
  A black bear (D:8)
  An ice beast (D:5)
  3 phantoms
  2 sky beasts
  7 ogres
  A centaur (D:7)
  Blork the orc (D:4)
  2 big kobolds
  8 bullfrogs
  3 scorpions
  A killer bee (D:7)
  17 wights
  A howler monkey (D:5)
  3 crimson imps
  2 jellies
  A quasit (D:6)
  3 orc priests
  A bullfrog skeleton (D:7)
  3 hounds
  3 orc wizards
  A centaur skeleton (D:5)
  2 iguanas
  4 worker ants
  A killer bee zombie (D:6)
  2 hound zombies
  4 gnolls
  6 adders
  3 shadow imps
  3 oozes
  2 adder skeletons
  An adder zombie (D:3)
  3 worms
  2 dart slugs
  3 leopard geckos
  12 orcs
  2 ball pythons
  10 giant cockroaches
  8 hobgoblins
  14 jackals
  22 kobolds
  A quokka (D:4)
  6 bats
  6 frilled lizards
  6 goblins
  2 jackal skeletons
  A jackal zombie (D:5)
  A leopard gecko skeleton (D:7)
  6 rats
209 creatures vanquished.

Notes
Turn   | Place    | Note
-------+----------+-------------------------------------------
     0 | D:1      | mortelune the Deep Elf Conjurer began the quest for the Orb.
     0 | D:1      | Reached XP level 1. HP: 10/10 MP: 6/6
   142 | D:1      | Reached XP level 2. HP: 15/15 MP: 0/8
   146 | D:1      | Learned a level 2 spell: Searing Ray
   544 | D:1      | Reached skill level 5 in Conjurations
   600 | D:1      | Reached XP level 3. HP: 19/19 MP: 3/10
  1790 | D:2      | Reached XP level 4. HP: 24/24 MP: 7/11
  2746 | D:3      | Found a burning altar of Makhleb.
  2752 | D:3      | Reached XP level 5. HP: 25/28 MP: 6/13
  3604 | D:3      | Learned a level 3 spell: Dazzling Spray
  3609 | D:3      | Learned a level 4 spell: Iskenderun's Mystic Blast
  3614 | D:3      | Reached skill level 6 in Conjurations
  3727 | D:4      | Found a staircase to the Ecumenical Temple.
  3743 | Temple   | Entered the Ecumenical Temple
  3752 | Temple   | Became a worshipper of Vehumet
  3896 | D:4      | Noticed an ogre
  3902 | D:4      | Killed an ogre
  3902 | D:4      | Reached skill level 5 in Spellcasting
  3902 | D:4      | Reached XP level 6. HP: 32/32 MP: 8/15
  4633 | D:4      | Reached skill level 7 in Conjurations
  4719 | D:4      | Reached * piety under Vehumet
  4719 | D:4      | Offered knowledge of Sandblast by Vehumet.
  4780 | D:4      | Reached skill level 5 in Dodging
  4780 | D:4      | Reached XP level 7. HP: 36/36 MP: 3/17
  5061 | D:4      | Noticed Blork the orc
  5065 | D:4      | Killed Blork the orc
  5452 | D:4      | Found a sacrificial altar of Ru.
  5497 | D:4      | Reached skill level 8 in Conjurations
  5712 | D:5      | Entered Level 5 of the Dungeon
  6143 | D:5      | Reached XP level 8. HP: 41/41 MP: 2/20
  6696 | D:5      | Reached skill level 9 in Conjurations
  7317 | D:5      | Offered knowledge of Sting by Vehumet.
  7772 | D:6      | Reached ** piety under Vehumet
  7772 | D:6      | Reached skill level 10 in Conjurations
  7940 | D:6      | Reached XP level 9. HP: 45/45 MP: 17/23
  8409 | D:6      | Noticed Prince Ribbit
  8412 | D:6      | Killed Prince Ribbit
  9479 | D:7      | Reached skill level 11 in Conjurations
  9680 | D:7      | Got a transparent iron ring
  9681 | D:7      | Identified the ring of Wanuez {Slay+2 SInv} (You found it on level 7 of the Dungeon)
  9734 | D:7      | Noticed Amnesiac's ghost (novice DEAM)
  9739 | D:7      | Killed Amnesiac's ghost
  9908 | D:7      | Offered knowledge of Stone Arrow by Vehumet.
 10283 | D:7      | Found a sacrificial altar of Ru.
 10321 | D:7      | Reached XP level 10. HP: 50/50 MP: 14/25
 10407 | D:7      | Reached *** piety under Vehumet
 10407 | D:7      | Reached skill level 10 in Spellcasting
 10632 | D:7      | Found Cariakergh's Jewellery Shoppe.
 10693 | D:7      | Reached skill level 12 in Conjurations
 11274 | D:8      | Noticed a two-headed ogre
 11279 | D:8      | Killed a two-headed ogre
 12141 | D:8      | HP: 1/50 [wolf spider zombie (18)]
 12144 | D:8      | Slain by a wolf spider zombie

Vault maps used:
D:1:      scummos_arrival_simple_crosswalls
D:3:      serial_undead, serial_undead_c, serial_undead_c, serial_undead_e,
          serial_undead_e, makhleb_blood_cavern_becter
D:4:      minmay_temple_entry_statues_pillars, first_bread,
          kennysheep_nondescript, minmay_misc_feat_enclosed,
          nicolae_ru_great_annihilating_truth, uniq_blork_the_orc
D:6:      uniq_prince_ribbit1
D:7:      marbit_many_paths, serial_shops, shop, grunt_livestock
Temple:   dpeg_three_leaves_temple

Skill      XL: |  1  2  3  4  5  6  7  8  9 10 |
---------------+-------------------------------+-----
Conjurations   | 5 6 7 8 10 11 12 | 12.8
Dodging        | 3 4 5 6 7 9 |  9.9
Spellcasting   | 4 5 6 8 9 10 | 10.8
Stealth        | |  2.4

Action                   |  1- 3 |  4- 6 |  7- 9 | 10-12 || total
-------------------------+-------+-------+-------+-------++-------
Melee: Flail             |       |       |    14 |    10 ||    24
 Cast: Magic Dart        |    78 |    99 |   145 |    29 ||   351
       Searing Ray       |     5 |    14 |    14 |     4 ||    37
       Iskenderun's Myst |       |     7 |    91 |    34 ||   132
       Dazzling Spray    |       |     2 |    10 |    10 ||    22
  Use: Scroll            |     3 |     2 |     6 |     4 ||    15
       Potion            |       |       |       |     2 ||     2
  Eat: Chunk             |     3 |    10 |    13 |     3 ||    29
       Meat ration       |       |       |     2 |     1 ||     3
       Fruit             |       |       |     1 |       ||     1
Armor: Robe              |     3 |     7 |     5 |     4 ||    19
Dodge: Dodged            |    12 |    21 |    60 |    37 ||   130
Block: Other             |       |       |    18 |    15 ||    33
       Reflection        |       |       |       |     1 ||     1

Table legend:
 A = Spawn XP
 B = Non-spawn XP
 C = Spawn XP percentage of total XP
 D = Spawn monster count
 E = Non-spawn monster count
 F = Spawn count percentage of total count
 G = Total turns spent on level
                    A         B        C        D         E        F      G
               +---------+---------+-------+---------+---------+-------+---------
         Total |       0 |    8839 |   0.0 |       0 |     209 |   0.0 | 12144
               +---------+---------+-------+---------+---------+-------+---------
           D:1 |       0 |      59 |   0.0 |       0 |      25 |   0.0 |  1219
           D:2 |       0 |      60 |   0.0 |       0 |      18 |   0.0 |  1233
           D:3 |       0 |     129 |   0.0 |       0 |      22 |   0.0 |  1369
           D:4 |       0 |     923 |   0.0 |       0 |      33 |   0.0 |  2109
           D:5 |       0 |    1200 |   0.0 |       0 |      33 |   0.0 |  1597
           D:6 |       0 |    1807 |   0.0 |       0 |      27 |   0.0 |  2049
           D:7 |       0 |    3315 |   0.0 |       0 |      41 |   0.0 |  2309
           D:8 |       0 |    1346 |   0.0 |       0 |      10 |   0.0 |   240
               +---------+---------+-------+---------+---------+-------+---------
